 Dungeon Crawl Stone Soup version 0.24-b1 (webtiles) character file.

Game seed: 11828777937762705763, levelgen mode: deterministic

330 Arixos the Charmwright (level 6, -3/32 HPs)
             Began as a Vine Stalker Skald on Oct 12, 2019.
             Slain by a gnoll
             ... wielding a +0 spear
              (4 damage)
             ... on level 4 of the Dungeon.
             The game lasted 00:16:34 (2642 turns).

Arixos the Charmwright (Vine Stalker Skald)         Turns: 2642, Time: 00:16:35

Health: -3/32      AC:  5    Str: 14    XL:     6   Next: 51%
Magic:  0/11       EV: 12    Int: 13    God:
Gold:   86         SH:  0    Dex: 15    Spells: 3/11 levels left

rFire    . . .     SeeInvis .   a - +0 falchion
rCold    . . .     Gourm    .   (no shield)
rNeg     . . .     Faith    .   b - +0 leather armour
rPois    .         Spirit   +   (no helmet)
rElec    .         Reflect  .   (no cloak)
rCorr    .         Harm     .   (no gloves)
MR       .....                  f - +1 pair of boots
Stlth    +.........             t - amulet of magic regeneration (curse)
HPRegen  0.50/turn              (no ring)
MPRegen  0.37/turn              (no ring)

@: singing
A: fangs 2, regeneration 1, magic shield, antimagic bite, no potion heal 3, rot
immunity
a: no special abilities


You were on level 4 of the Dungeon.
You were not hungry.

You visited 1 branch of the dungeon, and saw 4 of its levels.

You collected 86 gold pieces.

Inventory:

Hand Weapons
 a - a +0 falchion (weapon)
 q - a +1 hand axe of flaming
Missiles
 c - 4 datura-tipped darts (quivered)
 o - 15 poisoned darts
Armour
 b - a +0 leather armour (worn)
 f - a +1 pair of boots (worn)
Jewellery
 t - a cursed amulet of magic regeneration (around neck)
Scrolls
 e - a scroll of random uselessness {unknown}
 g - 3 scrolls of remove curse
 h - 4 scrolls of identify {unknown}
 i - a scroll of teleportation {unknown}
 j - 3 scrolls of enchant weapon {unknown}
 p - a scroll of enchant armour {unknown}
Potions
 k - 5 potions of curing {unknown}
 l - a potion of lignification {unknown}
 m - 2 potions of mutation {unknown}
 n - 2 potions of degeneration {unknown}
 r - a potion of flight {unknown}
 s - a potion of invisibility {unknown}
Comestibles
 d - 4 rations
 u - a chunk of flesh


   Skills:
 + Level 2.8 Fighting
 + Level 2.7 Long Blades
 - Level 0.7 Armour
 + Level 2.5 Dodging
 + Level 3.3 Spellcasting
 + Level 3.9 Charms
 + Level 1.5 Necromancy
 + Level 2.0 Translocations


You had 3 spell levels left.
You knew the following spells:

 Your Spells              Type           Power        Failure   Level  Hunger
a - Song of Slaying       Chrm           ##......     9%          2    ##.....
b - Infusion              Chrm           ##..         5%          1    #......
r - Regeneration          Chrm/Necr      #.........   26%         3    ###....
s - Shroud of Golubria    Chrm/Tloc      #.....       12%         2    ##.....

Your spell library contained the following spells:

 Spells                   Type           Power        Failure   Level  Hunger
 Spectral Weapon          Hex/Chrm       #.......     36%         3    ###....


Dungeon Overview and Level Annotations

Branches:
Dungeon (4/15)
 Temple: D:4-7

Altars:
Dithmenos
Elyvilon
Fedhas
Ru
Vehumet
Wu Jian


Innate Abilities, Weirdness & Mutations

You have extremely sharp teeth.
Your natural rate of healing is unusually fast.
When hurt, damage is shared between your health and your magic reserves.
Your bite disrupts and absorbs the magic of your enemies.
Potions cannot restore your health.
You are immune to rotting.


Message History

You barely miss the gnoll. You bite the gnoll. You drain its power.
You feel invigorated.
The gnoll is almost dead.
The gnoll hits you with a +0 club.
* * * LOW HITPOINT WARNING * * *
The gnoll hits you from afar with a +0 spear.
* * * LOW HITPOINT WARNING * * *
The gnoll closely misses you.
You hit the gnoll.
You kill the gnoll!
The gnoll hits you from afar with a +0 spear.
* * * LOW HITPOINT WARNING * * *
The gnoll hits you from afar with a +0 spear.
* * * LOW HITPOINT WARNING * * *
Your shroud falls apart!
Casting: Shroud of Golubria (safe; 12% risk of failure)
Confirm with . or Enter, or press ? or * to list all spells.
Space distorts slightly along a thin shroud covering your body.
The gnoll hits you from afar with a +0 spear.
You die...

# .. ... .... #.....##
#......######
#.....g)@...#
#.####.####.#
#.##.....##.# .#
#.#.......#.#
....####.#รท......#.##
#.........^.._......#
.#.###..#.......#..#
#..#.......#..# #.
#..##.....##..#


You could see a gnoll.

Vanquished Creatures
  A sky beast (D:3)
  A hound (D:4)
  A worker ant (D:4)
  A hound skeleton (D:4)
  3 adders
  6 gnolls
  2 worms
  3 dart slugs
  A leopard gecko (D:1)
  7 orcs (D:3)
  3 giant cockroaches
  4 hobgoblins
  6 jackals
  A quokka (D:3)
  6 bats
  4 frilled lizards
  8 goblins
  7 kobolds
  6 rats
71 creatures vanquished.

Notes
Turn   | Place    | Note
-------+----------+-------------------------------------------
     0 | D:1      | Arixos the Vine Stalker Skald began the quest for the Orb.
     0 | D:1      | Reached XP level 1. HP: 11/11 MP: 4/4
    37 | D:1      | Reached XP level 2. HP: 4/15 MP: 0/6
   280 | D:1      | Learned a level 2 spell: Shroud of Golubria
   784 | D:1      | Reached XP level 3. HP: 16/18 MP: 5/7
  1237 | D:2      | Learned a level 3 spell: Regeneration
  1490 | D:2      | Gained mutation: Your natural rate of healing is unusually
                  | fast. [Vine Stalker growth]
  1490 | D:2      | Reached XP level 4. HP: 16/23 MP: 6/9
  1769 | D:3      | Found a white marble altar of Elyvilon.
  1797 | D:3      | Reached skill level 1 in Translocations
  1844 | D:3      | Learned a level 2 spell: Song of Slaying
  1952 | D:3      | Found an ornate altar of the Wu Jian Council.
  1962 | D:3      | Found a blossoming altar of Fedhas.
  1973 | D:3      | Found a radiant altar of Vehumet.
  2089 | D:3      | Reached XP level 5. HP: 14/27 MP: 2/10
  2165 | D:3      | Reached skill level 1 in Necromancy
  2291 | D:3      | Found a shadowy altar of Dithmenos.
  2292 | D:3      | Noticed a sky beast
  2319 | D:3      | Killed a sky beast
  2319 | D:3      | Reached XP level 6. HP: 8/32 MP: 1/11
  2598 | D:4      | Found a sacrificial altar of Ru.
  2641 | D:4      | HP: 1/32 [gnoll/+0 spear (1)]
  2642 | D:4      | Slain by a gnoll

Skill      XL: |  1  2  3  4  5  6 |
---------------+-------------------+-----
Fighting       | 2 |  2.8
Long Blades    | 2 |  2.7
Dodging        | 2 |  2.5
Translocations | 1 2 |  2.0
Spellcasting   | 3 |  3.3
Necromancy     | 1 |  1.5
Armour         | |  0.7
Charms         | |  3.9

Action                   |  1- 3 |  4- 6 || total
-------------------------+-------+-------++-------
Melee: Falchion          |    98 |   146 ||   244
       Bite              |    22 |    47 ||    69
 Cast: Infusion          |     1 |       ||     1
       Shroud of Golubri |     9 |    15 ||    24
       Song of Slaying   |       |     3 ||     3
  Use: Scroll            |     1 |       ||     1
 Stab: Sleeping          |     1 |       ||     1
  Eat: Chunk             |     3 |     5 ||     8
Armor: Leather armour    |    23 |    56 ||    79
Dodge: Dodged            |    64 |   133 ||   197
       Rpst.: Falchion   |    16 |    34 ||    50
